 Dungeon Crawl Stone Soup version 0.18-b1-22-ge198996 (webtiles) character file.

31112 wvc the Basher (level 13, -2/105 HPs)
             Began as a Mummy Gladiator on May 4, 2016.
             Was a High Priest of Ashenzari.
             Engulfed by a fire crab's flame (15 damage)
             ... on level 6 of the Lair of Beasts.
             The game lasted 00:32:24 (16468 turns).

wvc the Basher (Mummy Gladiator)                   Turns: 16468, Time: 00:32:24

Health: -2/105     AC: 19    Str: 19    XL:     13   Next: 24%
Magic:  13/13      EV: 23    Int:  8    God:    Ashenzari [*****.]
Gold:   412        SH:  0    Dex: 16    Spells: 0 memorised, 12 levels left

rFire  x . .     SeeInvis +     a - +1 flail (drain) (curse)
rCold  + + .     Gourm    .     i - +1 ring mail
rNeg   + + +     Faith    .     (no shield)
rPois  ∞         Spirit   .     l - +2 helmet (curse)
rElec  .         Dismiss  .     m - +2 cloak (curse)
rCorr  .         Reflect  .     f - +2 pair of gloves (curse)
SustAt .         Harm     .     w - +0 pair of boots (curse)
MR     +....     Clarity  +     q - amulet of regeneration
Stlth  +.........               k - ring of protection from cold
                                n - +3 ring of evasion

@: somewhat resistant to hostile enchantments, very unstealthy
A: no food or potions, fire vulnerability, cold resistance 1, negative energy
resistance 3, torment resistance, unbreathing, in touch with death 1, restore
body
a: Self-Restoration, Curse Item, Scrying, Transfer Knowledge, Renounce Religion


You were on level 6 of the Lair of Beasts.
You worshipped Ashenzari.
Ashenzari was extremely pleased with you.
You were not hungry.

You visited 2 branches of the dungeon, and saw 16 of its levels.

You collected 1008 gold pieces.
You spent 596 gold pieces at shops.

Inventory:

Hand Weapons
 a - a cursed +1 flail of draining (weapon)
 b - a +3 war axe of freezing
 o - a +1 whip of distortion
Missiles
 d - 2 throwing nets (quivered)
Armour
 f - a cursed +2 pair of gloves (worn)
 i - a +1 ring mail (worn)
 l - a cursed +2 helmet (worn)
 m - a cursed +2 cloak (worn)
 w - a cursed +0 pair of boots (worn)
Rods
 r - a +2 rod of shadows (11/11)
   (You found it on level 9 of the Dungeon)
Jewellery
 e - an uncursed ring of wizardry
 k - a ring of protection from cold (right hand)
 n - a +3 ring of evasion (left hand)
 q - an amulet of regeneration (around neck)
Wands
 h - a wand of paralysis (11/24)
 j - a wand of random effects (1/48)
 p - a wand of teleportation (9/9)
 t - a wand of enslavement (8/24)
 u - a wand of slowing (38/48)
 x - a wand of confusion (17/48)
 B - a wand of flame (21/48)
 C - a wand of enslavement (20/24)
 G - a wand of polymorph (12/24)
Scrolls
 c - 4 scrolls of enchant weapon
 g - a scroll of magic mapping
 s - a scroll of enchant armour
 v - 3 scrolls of fog
 y - a scroll of recharging
 z - 4 scrolls of teleportation
 A - 2 scrolls of identify
 D - 2 scrolls of noise
 E - 5 scrolls of remove curse
 F - a scroll of amnesia


   Skills:
 + Level 10.9 Fighting
 - Level 11.4(15.1) Maces & Flails
 - Level 1.5 Throwing
 + Level 6.6(9.3) Armour
 + Level 11.2(13.6) Dodging


You had 12 spell levels left.
You didn't know any spells.

Dungeon Overview and Level Annotations

Branches:
Dungeon (10/15)            Temple (0/1) D:7            Lair (6/8) D:9
 Shoals (0/4) Lair:5        Snake (0/4) Lair:4
  Slime: Lair:6-8       Orc: D:9-12

Altars:
Ashenzari
Cheibriados
Fedhas
Nemelex Xobeh
Pakellas
Qazlal
Sif Muna
Trog

Shops:
D:4 =   D:5 *   D:9 *   D:10 ?


Innate Abilities, Weirdness & Mutations

You do not eat or drink.
Your flesh is vulnerable to fire.
You are immune to poison.
Your flesh is cold resistant.
You are immune to negative energy.
You are immune to unholy pain and torment.
You can survive without breathing.
You are in touch with the powers of death.
You can restore your body by infusing magical energy.


Message History

The fire crab breathes flames at you. The blast of flame engulfs you!
You sock the fire crab! You drain the fire crab!
The fire crab is heavily wounded.
You are engulfed in roaring flames.
You sock the fire crab!
The fire crab is severely wounded.
You are engulfed in roaring flames.
The fire crab breathes flames at you. The blast of flame engulfs you!
You hit the fire crab. You drain the fire crab!
The fire crab is almost dead.
You are engulfed in roaring flames.
* * * LOW HITPOINT WARNING * * *
The fire crab breathes flames at you. The blast of flame engulfs you!
You hit the fire crab but do no damage. You drain the fire crab!
The fire crab is almost dead.
You are engulfed in roaring flames.
You die...

, , ,,,, , , *,, ,,
,, * * *
.#....##### #..,
,,, , , #.........
#..., , , , **
............P.. ,,
*,*
..#...P..#.....,
..............P ,*,
, *
,,,.............P.,
, ,,, ,,
#..§§§.....P , , ,,
,, * ,#§@t....#* ,
* , #.§§§.#.P# , *
, *, * ##P.....P ,
,, * ##.......# , *
.#......#,, , *#
....... ,,
..#....,, ,,
*#.##..., , , ,
**** , , **


You could see a fire crab.

Vanquished Creatures
  A minotaur (Lair:3)
  4 hydras
  6 death yaks
  A queen ant (Lair:1)
  A black mamba (Lair:2)
  9 spiny frogs
  2 rime drakes (Lair:5)
  8 komodo dragons
  A spriggan druid (Lair:5)
  3 polar bears (Lair:5)
  Grinder (D:4)
  12 blink frogs
  A wraith (D:10)
  23 yaks
  A wyvern (Lair:5)
  A vampire (D:8)
  Eustachio (D:4)
  3 basilisks
  5 hippogriffs
  2 nagas (Lair:4)
  19 soldier ants
  Menkaure (D:4)
  6 porcupines
  9 water moccasins
  3 orc warriors
  2 ice beasts
  2 centaurs
  6 ogres
  8 wolves
  7 crocodiles
  6 giant frogs
  6 scorpions
  4 wights (D:9)
  A howler monkey (D:5)
  A crimson imp (D:8)
  A giant frog zombie (D:5)
  A quasit (D:6)
  A centaur zombie (D:8)
  4 hounds
  4 jellies
  2 centaur skeletons
  2 orc priests
  Crazy Yiuf (D:2)
  13 iguanas
  8 orc wizards
  22 worker ants
  5 sheep (Lair:5)
  A hound zombie (D:6)
  3 hound skeletons
  2 worker ant zombies
  A howler monkey zombie (D:6)
  Robin (D:2)
  22 adders
  38 river rats
  A shadow imp (D:8)
  3 oozes
  A worm (D:3)
  A dart slug (D:4)
  4 giant geckos
  26 orcs
  2 ball pythons
  14 bats
  7 giant cockroaches
  16 goblins
  7 hobgoblins
  7 jackals
  3 quokkas (D:9)
  A ball python skeleton (D:4)
  A giant gecko skeleton (D:7)
  A giant gecko zombie (D:7)
  6 giant newts
  A jackal skeleton (D:8)
  12 kobolds
  A quokka zombie (D:7)
  9 rats
423 creatures vanquished.

Vanquished Creatures (collateral kills)
  A soldier ant (Lair:1)
1 creature vanquished.

Vanquished Creatures (others)
  6 fungi
  9 plants
15 creatures vanquished.

Grand Total: 439 creatures vanquished

Notes
Turn   | Place    | Note
--------------------------------------------------------------
     0 | D:1      | wvc the Mummy Gladiator began the quest for the Orb.
     0 | D:1      | Reached XP level 1. HP: 16/16 MP: 1/1
   242 | D:1      | Reached XP level 2. HP: 22/22 MP: 2/2
   355 | D:1      | Found a shattered altar of Ashenzari.
   362 | D:1      | Became a worshipper of Ashenzari the Shackled
   783 | D:2      | Reached XP level 3. HP: 13/27 MP: 3/3
  1260 | D:2      | Noticed Robin
  1272 | D:2      | Killed Robin
  1272 | D:2      | Reached XP level 4. HP: 18/33 MP: 4/4
  2062 | D:2      | Noticed Crazy Yiuf
  2082 | D:2      | Killed Crazy Yiuf
  2082 | D:2      | Reached XP level 5. HP: 26/38 MP: 5/5
  2333 | D:3      | Reached skill level 5 in Maces & Flails
  2484 | D:3      | Found a faded altar to an unknown god.
  3136 | D:4      | Noticed Eustachio
  3187 | D:4      | Killed Eustachio
  3187 | D:4      | Reached XP level 6. HP: 26/44 MP: 6/6
  3423 | D:4      | Noticed Grinder
  3467 | D:4      | Killed Grinder
  3467 | D:4      | Reached XP level 7. HP: 11/50 MP: 7/7
  4074 | D:4      | Reached skill level 1 in Armour
  4082 | D:4      | Noticed Menkaure
  4092 | D:4      | Killed Menkaure
  4316 | D:4      | Reached * piety under Ashenzari
  4316 | D:4      | Found Gukhliacs's Jewellery Shoppe.
  4353 | D:5      | Entered Level 5 of the Dungeon
  4377 | D:4      | Found a blossoming altar of Fedhas.
  4487 | D:4      | Reached XP level 8. HP: 29/57 MP: 8/8
  5073 | D:5      | Found a stormy altar of Qazlal.
  5077 | D:5      | Found Boygus's Elemental Accessories.
  5995 | D:5      | Reached ** piety under Ashenzari
  7135 | D:6      | Reached XP level 9. HP: 65/65 MP: 9/9
  7277 | D:7      | Found a staircase to the Ecumenical Temple.
  7716 | D:7      | Found a bloodstained altar of Trog.
  7720 | D:7      | Found an oddly glowing altar of Pakellas.
  7720 | D:7      | Found a sparkling altar of Nemelex Xobeh.
  7729 | D:7      | Found a deep blue altar of Sif Muna.
  7731 | D:7      | Found a snail-covered altar of Cheibriados.
  7942 | D:4      | Bought an uncursed amulet of regeneration for 390 gold pieces
  8451 | D:8      | Reached skill level 5 in Dodging
  8736 | D:8      | Reached *** piety under Ashenzari
  9563 | D:9      | Reached skill level 5 in Fighting
  9567 | D:9      | Reached skill level 10 in Maces & Flails
  9567 | D:9      | Reached XP level 10. HP: 74/74 MP: 10/10
  9635 | D:9      | Found Ceoh's Assorted Antiques.
  9651 | D:9      | Bought a scroll labeled HEZIOW OGOPTIR for 29 gold pieces
  9651 | D:9      | Bought a scroll of remove curse for 87 gold pieces
  9949 | D:9      | Found a staircase to the Lair.
 10091 | D:10     | Entered Level 10 of the Dungeon
 10364 | D:10     | Found Cacur's Magic Scroll Shop.
 10367 | D:10     | Bought a scroll of remove curse for 45 gold pieces
 10367 | D:10     | Bought a scroll of remove curse for 45 gold pieces
 10372 | D:10     | Noticed an unseen horror
 10381 | D:10     | Noticed a six-headed hydra
 10434 | Lair:1   | Entered Level 1 of the Lair of Beasts
 10816 | Lair:1   | Reached XP level 11. HP: 66/81 MP: 11/11
 11732 | Lair:1   | Noticed a queen ant
 11775 | Lair:1   | Killed a queen ant
 11775 | Lair:1   | Reached skill level 5 in Armour
 12020 | Lair:1   | Noticed a six-headed hydra
 12040 | Lair:1   | Killed a six-headed hydra
 12134 | Lair:2   | Reached **** piety under Ashenzari
 12356 | Lair:2   | Reached XP level 12. HP: 73/94 MP: 12/12
 13620 | Lair:3   | Noticed a four-headed hydra
 13634 | Lair:3   | Killed a four-headed hydra
 13722 | Lair:3   | Noticed an eight-headed hydra
 13724 | Lair:3   | Noticed a minotaur
 13724 | Lair:3   | an eight-headed hydra changed into a minotaur
 13739 | Lair:3   | Killed a minotaur
 14122 | Lair:3   | Reached ***** piety under Ashenzari
 14661 | Lair:4   | Found a staircase to the Snake Pit.
 14802 | Lair:4   | Noticed a death yak
 14803 | Lair:4   | Noticed a death yak
 14803 | Lair:4   | Noticed a death yak
 14803 | Lair:4   | Noticed a death yak
 14823 | Lair:4   | Killed a death yak
 14823 | Lair:4   | Reached skill level 10 in Dodging
 14843 | Lair:4   | Killed a death yak
 14874 | Lair:4   | Killed a death yak
 14874 | Lair:4   | Reached skill level 10 in Fighting
 14880 | Lair:4   | Killed a death yak
 15583 | Lair:5   | Noticed a death yak
 15608 | Lair:5   | Killed a death yak
 15667 | Lair:5   | Gained mutation: You are in touch with the powers of death. [Mummy growth]
 15667 | Lair:5   | Gained mutation: You can restore your body by infusing magical energy. [Mummy growth]
 15667 | Lair:5   | Reached XP level 13. HP: 100/104 MP: 13/13
 15940 | Lair:5   | Found a staircase to the Shoals.
 16468 | Lair:6   | Engulfed by a fire crab's flame

Skill      XL: |  1  2  3  4  5  6  7  8  9 10 11 12 13 |
---------------+----------------------------------------+-----
Maces & Flails | 3 4 5 6 7 8 10 11 | 11.4
Dodging        | 3 4 5 6 8 10 11 | 11.2
Armour         | 1 2 3 4 5 6 |  6.6
Fighting       | 3 5 6 8 10 | 10.9
Throwing       | |  1.5

Action                   |  1- 3 |  4- 6 |  7- 9 | 10-12 | 13-15 || total
-------------------------+-------+-------+-------+-------+-------++-------
Melee: Flail             |   185 |   248 |   551 |  1198 |   132 ||  2314
Throw: Throwing net      |       |     9 |     4 |       |       ||    13
Invok: Curse Item        |     1 |     1 |       |     3 |       ||     5
Evoke: Wand              |       |       |     4 |    23 |     1 ||    28
  Use: Scroll            |       |     5 |     6 |     9 |     1 ||    21
 Stab: Held in net/web   |       |     1 |     1 |       |       ||     2
       Paralysed         |       |       |     4 |     6 |       ||    10
       Confused          |       |       |       |     7 |       ||     7
Armor: Leather armour    |    25 |       |       |       |       ||    25
       Ring mail         |    78 |   141 |   226 |   241 |    28 ||   714
Dodge: Dodged            |   154 |   149 |   301 |   883 |   104 ||  1591
